Map: Ley Lines

Players

Calyx

  • Race: Terran Terran
  • League: Master
  • Spawn Location: 1:00

A.I. 1 (Very Easy) - Winner!

  • Race: Protoss Protoss
  • Spawn Location: 7:00

VOD

Have the link to the VOD?

Description

Time

  • Played on: Oct. 8, 2025, 10:05 p.m.
  • Length: 7:06
Show
View Real Time Build Order
Export as new Build Order

Calyx Terran 

Build Orders: Reaper Expand 

Get SALT Encoding   

  12  0:00  SCV  
  13  0:12  SCV  
  14  0:17  Supply Depot  
  14  0:24  SCV  
  15  0:38  SCV  
  15  0:39  Barracks  
  16  0:43  Refinery  
  16  0:50  SCV  
  17  1:02  SCV  
  18  1:14  SCV  
  19  1:26  Reaper  
  19  1:27  Orbital Command  
  20  1:37  Command Center  
  20  1:48  Barracks  
  20  1:53  SCV  
  21  1:58  Barracks Reactor  
  21  2:02  Supply Depot  
  21  2:06  SCV  
  22  2:18  Barracks, SCV  
  23  2:30  SCV  
  23  2:34  Marine x2  
  23  2:36  Barracks Tech Lab  
  26  2:42  SCV  
  27  2:50  Orbital Command  
  27  2:54  Marine x3  
  27  2:55  Stimpack  
  27  2:57  SCV  
  31  3:01  Supply Depot  
  31  3:05  Barracks Tech Lab  
  31  3:09  SCV  
  31  3:12  Marine x2  
  34  3:14  Marine  
  34  3:17  SCV  
  36  3:21  SCV  
  36  3:24  Marine  
  36  3:25  Supply Depot, Combat Shield  
  38  3:29  SCV  
  38  3:30  Marine  
  38  3:33  Marine  
  38  3:34  SCV  
  42  3:41  SCV  
  42  3:43  Marauder x2  
  42  3:46  SCV, Refinery  
  48  3:48  Supply Depot  
  48  3:51  Marine x2  
  48  3:53  SCV  
  51  3:58  SCV  
  52  4:06  Engineering Bay, SCV  
  53  4:10  SCV  
  53  4:11  Supply Depot  
  53  4:12  Marine x2  
  53  4:16  Marauder x2  
  60  4:21  Factory  
  60  4:23  SCV x2  
  62  4:30  Marine x2  
  64  4:35  SCV x2  
  64  4:36  Supply Depot  
  64  4:38  Marine x2  
  68  4:47  SCV x2, Terran Infantry Weapons Level 1  
  68  4:51  Supply Depot  
  70  4:56  Marine x2  
  70  4:57  Concussive Shells  
  70  4:58  Marine x2  
  70  4:59  SCV x2  
  76  5:07  Starport  
  76  5:13  Supply Depot, Refinery  
  76  5:17  Factory Reactor  
  76  5:19  SCV x2  
  78  5:21  Marine x2  
  78  5:23  Marine x2  
  82  5:30  Barracks x2, Supply Depot  
  82  5:31  SCV  
  83  5:39  Marine x2  
  83  5:40  Supply Depot  
  83  5:41  Marauder x2  
  89  5:47  SCV  
  90  5:53  Refinery  
  90  5:57  Marine x2  
  90  6:00  Factory Reactor  
  90  6:01  Medivac  
  90  6:03  Marauder x2  
  98  6:05  Medivac  
  100  6:17  SCV x2  
  102  6:19  Marine x3  
  102  6:20  Marine  
  102  6:24  Marauder x2  
  110  6:31  Medivac  
  112  6:35  Medivac  
  114  6:42  Widow Mine  
  114  6:43  Widow Mine  
  118  6:48  Supply Depot  
Show
View Real Time Build Order
Export as new Build Order

A.I. 1 (Very Easy) Protoss - Winner!

Build Orders:  

Get SALT Encoding   

  12  0:00  Probe  
  13  0:13  Probe  
  14  0:20  Pylon  
  14  0:37  Assimilator  
  14  0:43  Gateway  
  14  0:46  Pylon  
  14  1:15  Assimilator  
  14  1:23  Zealot  
  14  1:24  Probe  
  17  1:33  Cybernetics Core, Probe  
  18  1:43  Probe  
  19  1:55  Probe  
  19  1:59  Warp Gate  
  20  2:03  Probe  
  21  2:11  Probe  
  22  2:37  Stalker  
  24  6:33  Probe  
Tags
 
League
Master
Matchup
PvT
Spawn Locations
Cross Positions
Add a new tag
Caveats
  • Supply blocks, unpowered buildings, or Contaminate may cause inaccurate times.
  • Supply counts are checked every 10 seconds.